 Dungeon Crawl Stone Soup version 0.28.0-43-g3370ac3207 (webtiles) character file.

Game seed: 11857508908497804440

4933 hawla the Cruncher (level 10, -8/78 HPs)
             Began as a Black Draconian Conjurer on Mar 1, 2022.
             Was a Follower of Vehumet.
             Mangled by a two-headed ogre
             ... wielding a +0 giant club
              (28 damage)
             ... on level 10 of the Dungeon on Mar 2, 2022.
             The game lasted 00:28:33 (14551 turns).

hawla the Cruncher (Black Draconian Conjurer)      Turns: 14551, Time: 00:28:34

Health: -8/78      AC: 10    Str: 16    XL:     10   Next: 27%
Magic:  1/16       EV: 12    Int: 23    God:    Vehumet [*.....]
Gold:   553        SH:  4    Dex: 11    Spells: 7/17 levels left

rFire   . . .      SeeInvis .   C - staff of conjuration
rCold   . . .      Faith    .   f - +0 buckler
rNeg    + . .      Spirit   .   (armour unavailable)
rPois   +          Reflect  .   (helmet restricted)
rElec   +          Harm     .   r - +0 cloak
rCorr   .          Rampage  .   w - +0 pair of gloves
Will    +....                   m - +0 pair of boots
Stlth   +++.......              (no amulet)
HPRegen 0.23/turn               x - ring of the Snail {rPois rN+ Will+}
MPRegen 0.15/turn               q - +6 ring of strength

@: no status effects
A: breathe lightning, AC +7, unfitting armour, electricity resistance,
cold-blooded, thin skeletal structure 1
a: Breathe Lightning, Renounce Religion


You were on level 10 of the Dungeon.
You worshipped Vehumet.
Vehumet was aware of your devotion.
You visited 2 branches of the dungeon, and saw 11 of its levels.

You collected 553 gold pieces.

Inventory:

Missiles
 h - 32 poisoned darts (quivered)
 k - 2 silver javelins
 l - 2 throwing nets
 v - a curare-tipped dart
Armour
 f - a +0 buckler (worn)
 m - a +0 pair of boots (worn)
 r - a +0 cloak (worn)
 w - a +0 pair of gloves (worn)
Magical Staves
 b - a staff of poison
 C - a staff of conjuration (weapon)
Jewellery
 e - a ring of resist corrosion
 q - a +6 ring of strength (right hand)
 u - a ring of fire
 x - the ring of the Snail (left hand) {rPois rN+ Will+}
   (You found it on level 5 of the Dungeon)

   [ring of willpower]

   rPois:     It protects you from poison.
   rN:        It protects you from negative energy.
   Will:      It increases your willpower.
Wands
 j - a wand of polymorph (17)
 o - a wand of iceblast (7)
Scrolls
 i - a scroll of magic mapping
 s - 3 scrolls of teleportation
 y - 3 scrolls of enchant weapon
 z - a scroll of fear
 B - 2 scrolls of summoning
 D - a scroll of brand weapon
Potions
 a - a potion of lignification
 c - a potion of flight
 g - 2 potions of haste
 n - 3 potions of mutation
 p - 3 potions of brilliance
 A - a potion of might


   Skills:
 - Level 4.0 Fighting
 + Level 10.4 Staves
 - Level 1.0 Throwing
 - Level 3.0 Dodging
 - Level 3.0 Stealth
 - Level 4.0 Shields
 - Level 4.0 Spellcasting
 - Level 7.0 Conjurations
 + Level 2.7 Necromancy
 + Level 2.7 Translocations
 + Level 0.9 Transmutations
 - Level 1.0 Poison Magic
 - Level 2.0 Evocations


You had 7 spell levels left.
You knew the following spells:

 Your Spells              Type           Power      Damage    Failure   Level
a - Magic Dart            Conj           100%       1d8       1%          1
b - Searing Ray           Conj           100%       2d8       1%          2
c - Iskenderun's Mystic   Conj/Tloc      40%        2d9       19%         4
d - Vampiric Draining     Necr           17%        2d7       13%         3

Your spell library contained the following spells:

 Spells                   Type           Power      Damage    Failure   Level
 Freeze                   Ice            16%        1d4       13%         1
 Pain                     Necr           68%        1d7       4%          1
 Beastly Appendage        Tmut           16%        N/A       10%         1
 Dazzling Flash           Conj/Hex       62%        N/A       10%         3
 Slow                     Hex            16%        N/A       13%         1
 Gell's Gravitas          Tloc           17%        N/A       13%         3
 Lesser Beckoning         Tloc           17%        N/A       13%         3
 Teleport Other           Tloc           17%        N/A       13%         3
 Wereblood                Tmut           8%         N/A       14%         2
 Spider Form              Tmut/Pois      8%         N/A       26%         3
 Fulminant Prism          Conj/Hex       15%        3d11      30%         4
 Confusing Touch          Hex            4%         N/A       36%         3
 Irradiate                Conj/Tmut      17%        3d19      58%         5
 Agony                    Necr           17%        N/A       77%         5
 Excruciating Wounds      Necr           8%         N/A       77%         5
 Freezing Cloud           Conj/Ice/Air   11%        6-21      82%         5
 Blade Hands              Tmut           4%         N/A       95%         5
 Simulacrum               Ice/Necr       5%         N/A       100%        6
 Dragon Form              Tmut           4%         N/A       100%        7
 Polar Vortex             Ice            2%         N/A       100%        9


Dungeon Overview and Level Annotations

Branches:
Dungeon (10/15)            Temple (1/1) D:5             Orc (0/2) D:9
   Lair: D:8-11

Altars:
Ashenzari
Cheibriados
Dithmenos
Elyvilon
Fedhas
Gozag
Hepliaklqana
Kikubaaqudgha
Makhleb
Nemelex Xobeh
Okawaru
Qazlal
Ru
Sif Muna
Trog
Uskayaw
Vehumet
Wu Jian
Xom
Yredelemnul
Zin
The Shining One
Beogh

Annotations:
D:6 1 runed translucent door, Rennog's ghost, novice GrFi


Innate Abilities, Weirdness & Mutations

You can breathe wild blasts of lightning.
Your glossy black scales are hard. (AC +7)
You cannot fit into any form of body armour.
You are resistant to electric shocks. (rElec)
You are cold-blooded and may be slowed by cold attacks.
You have a somewhat thin skeletal structure. (Dex +2, Stealth+)


Message History

The komodo dragon is heavily wounded.
The mystic blast hits the plant!
The plant is moderately damaged.
The mystic blast hits the fungus!
The fungus is moderately damaged.
The mystic blast hits the plant!
The plant is moderately damaged.
The mystic blast hits the plant!
The plant is lightly damaged.
The mystic blast hits the two-headed ogre!
The two-headed ogre is severely wounded.
A nearby plant withers and dies. x4; A nearby fungus withers and dies.
The two-headed ogre barely misses you.
The two-headed ogre hits you with a +0 giant club.
You hit the two-headed ogre.
The two-headed ogre is severely wounded.
The two-headed ogre hits you with a +0 giant club! x2
You hit the two-headed ogre.
You blast the two-headed ogre.
The two-headed ogre is almost dead.
The komodo dragon closely misses you. You block the komodo dragon's attack.
You hit the two-headed ogre.
The two-headed ogre is almost dead.
The two-headed ogre hits you with a +0 giant club!
The two-headed ogre hits you but does no damage.
The komodo dragon closely misses you. The komodo dragon bites you!
You barely miss the two-headed ogre.
The two-headed ogre is almost dead.
You hit the two-headed ogre but do no damage.
The two-headed ogre is almost dead.
The komodo dragon bites you!!
* * * LOW HITPOINT WARNING * * *
The komodo dragon closely misses you.
The two-headed ogre hits you with a +0 giant club.
* * * LOW HITPOINT WARNING * * *
The two-headed ogre closely misses you.
You feel much better.
The komodo dragon bites you but does no damage.
The komodo dragon misses you.
The two-headed ogre hits you with a +0 giant club!!
You die...

##...## ###...P.P. #
##P..P.....
#.#.P.P....P.
#.#.......P #..†.....
#...Oll# P... #....@.#
..P... #......# ...P.#
##P....####P.[P.##....
#.PP.P.P...P.P.#.....
##..P.P...P..........
#..PP.P.............
##...P.P....#.......
###.......##.......
####.##..........


You could see a two-headed ogre and 2 komodo dragons.

Vanquished Creatures
  Sigmund (D:4)
  2 shadows
  A wyvern (D:9)
  2 yaks (D:8)
  A steam dragon (D:6)
  3 water moccasins
  A black bear (D:6)
  3 orc warriors
  2 sky beasts
  An ice beast (D:7)
  An ogre (D:6)
  A hornet zombie (D:9)
  4 centaurs
  2 kobold brigands
  3 bullfrogs
  2 scorpions (D:5)
  10 killer bees (D:9)
  3 howler monkeys
  2 jellies (D:6)
  2 centaur zombies
  A bullfrog zombie (D:7)
  6 hounds
  8 orc priests
  Crazy Yiuf (D:3)
  3 centaur skeletons
  Jessica (D:3)
  2 gnoll shamans
  2 iguanas
  Natasha (thrice) (D:2)
  Terence (D:3)
  6 orc wizards
  A hound skeleton (D:4)
  A howler monkey zombie (D:8)
  A howler monkey skeleton (D:5)
  5 adders
  16 gnolls
  A shadow imp (D:5)
  2 white imps
  An ufetubus (D:5)
  An adder skeleton (D:4)
  2 worms (D:3)
  A dart slug (D:1)
  20 orcs
  5 endoplasms
  2 giant cockroaches
  5 goblins
  7 hobgoblins
  8 jackals
  8 quokkas
  6 ball pythons
  5 frilled lizards
  13 kobolds
  4 rats
196 creatures vanquished.

Vanquished Creatures (others)
  An orc wizard (D:9)
  A kobold (D:7)
  4 fungi (D:10)
  4 plants (D:10)
10 creatures vanquished.

Grand Total: 206 creatures vanquished

Notes
Turn   | Place    | Note
-------+----------+-------------------------------------------
     0 | D:1      | hawla the Draconian Conjurer began the quest for the Orb.
     0 | D:1      | Reached XP level 1. HP: 14/14 MP: 3/3
   408 | D:1      | Reached XP level 2. HP: 20/20 MP: 3/5
   433 | D:1      | Learned a level 2 spell: Searing Ray
  1305 | D:2      | Reached XP level 3. HP: 26/26 MP: 3/6
  1393 | D:2      | Noticed Natasha
  1398 | D:2      | Killed Natasha
  1670 | D:2      | Reached XP level 4. HP: 33/33 MP: 2/7
  1675 | D:2      | Learned a level 4 spell: Iskenderun's Mystic Blast
  1772 | D:2      | Noticed Natasha
  1775 | D:2      | Killed Natasha
  1776 | D:2      | Reached skill level 5 in Conjurations
  2055 | D:2      | Noticed Natasha
  2067 | D:2      | Killed Natasha
  2260 | D:3      | Noticed Jessica
  2280 | D:3      | Killed Jessica
  2281 | D:3      | Reached XP level 5. HP: 24/38 MP: 1/9
  2756 | D:3      | Found a runed translucent door.
  2757 | D:3      | Noticed Crazy Yiuf
  2861 | D:3      | Noticed Terence
  2864 | D:3      | Killed Terence
  3459 | D:3      | Found a faded altar of an unknown god.
  3589 | D:3      | Killed Crazy Yiuf
  3852 | D:4      | Noticed Sigmund
  3875 | D:4      | Killed Sigmund
  3876 | D:4      | Reached skill level 1 in Fighting
  3876 | D:4      | Reached XP level 6. HP: 38/47 MP: 1/11
  4339 | D:4      | Reached skill level 1 in Staves
  4339 | D:4      | Reached skill level 1 in Shields
  4339 | D:4      | Your scales start taking on a glossy black colour.
  4339 | D:4      | Reached XP level 7. HP: 38/52 MP: 0/12
  4339 | D:4      | Gained mutation: You are resistant to electric shocks.
                  | (rElec) [Black Draconian growth]
  4674 | D:4      | Found Borier's Distillery.
  5195 | D:5      | Entered Level 5 of the Dungeon
  5264 | D:5      | Reached skill level 1 in Throwing
  5264 | D:5      | Reached skill level 1 in Translocations
  5264 | D:5      | Reached skill level 1 in Evocations
  5444 | D:5      | Reached skill level 1 in Poison Magic
  5483 | D:5      | Found a staircase to the Ecumenical Temple.
  5505 | Temple   | Entered the Ecumenical Temple
  6056 | D:5      | Learned a level 3 spell: Vampiric Draining
  6247 | D:5      | Reached skill level 2 in Staves
  6247 | D:5      | Reached XP level 8. HP: 62/62 MP: 5/14
  6460 | D:5      | Identified the ring of the Snail {rPois rN+ Will+}
  6491 | D:5      | Reached skill level 1 in Necromancy
  6859 | D:6      | Identified the +7 hand crossbow of Sasor {speed, rC+++
                  | Str-3 Int+5 Stlth+}
  6874 | D:6      | Found a runed translucent door.
  6875 | D:6      | Noticed Rennog's ghost (novice GrFi)
  7203 | D:6      | Reached skill level 3 in Staves
  7659 | D:6      | Gained mutation: You have a somewhat thin skeletal
                  | structure. (Dex +2, Stealth+) [potion of mutation]
  8268 | D:6      | Reached skill level 4 in Staves
  8904 | D:7      | Reached XP level 9. HP: 52/71 MP: 5/15
  9064 | D:7      | Reached skill level 5 in Staves
  9299 | D:7      | Found a hide-covered altar of Uskayaw.
  9463 | D:7      | Found a basalt altar of Yredelemnul.
  9469 | D:7      | Found a glowing golden altar of the Shining One.
  9564 | D:7      | Noticed an angel
  9581 | D:7      | Noticed a profane servitor
  9689 | D:7      | Reached skill level 6 in Staves
 10397 | D:7      | Found a burning altar of Makhleb.
 10596 | D:8      | Reached skill level 7 in Staves
 10599 | D:8      | Found a radiant altar of Vehumet.
 10737 | D:8      | Became a worshipper of Vehumet
 11607 | D:8      | Reached skill level 8 in Staves
 12498 | D:9      | Reached skill level 9 in Staves
 12933 | D:9      | Reached XP level 10. HP: 31/78 MP: 0/16
 13204 | D:9      | Reached * piety under Vehumet
 13204 | D:9      | Offered knowledge of Freeze by Vehumet.
 13726 | D:9      | Found a staircase to the Orcish Mines.
 13762 | D:9      | Reached skill level 10 in Staves
 14364 | D:10     | Entered Level 10 of the Dungeon
 14533 | D:10     | Noticed a two-headed ogre
 14550 | D:10     | HP: 3/78 [two-headed ogre/+0 giant club (1)]
 14551 | D:10     | Mangled by a two-headed ogre

Illustrated notes

Levels and vault maps discovered:
D:1:      ncdulo_wetmaze, layout_basic
D:2:      layout_loops_ring, uniq_natasha
D:3:      layout_basic, hellmonk_ecumenical_altar_lost_god, uniq_jessica,
          uniq_terence, uniq_crazy_yiuf_cottage
D:4:      layout_basic, serial_shops, shop, kennysheep_big_empty_room,
          uniq_sigmund
D:5:      layout_loops_ring, temple_fountains, kennysheep_nondescript
D:6:      hellmonk_ruined_rings, layout_basic, gammafunk_ghost_grave
D:7:      layout_basic, nicolae_uskayaw_suspiria,
          grunt_temple_overflow_holy_war, bloody_makhleb, serial_glass,
          glass_columns_b, glass_columns_c
D:8:      layout_basic, vehumet_crystals
D:9:      layout_stronghold, orc_0_dummy, david_defended_altar_orc
D:10:     minmay_blocky_corners, layout_cave_pools,
          grunt_lair_entry_orc_guard_hut, minmay_diamond_spiral, uniq_gastronok
Temple:   bh_familiar_temple

Skill      XL: |  1  2  3  4  5  6  7  8  9 10 |
---------------+-------------------------------+-----
Dodging        | 2 3 |  3.0
Stealth        | 2 3 |  3.0
Conjurations   | 5 6 7 |  7.0
Spellcasting   | 3 4 |  4.0
Fighting       | 1 2 4 |  4.0
Staves         | 1 2 4 9 10 | 10.4
Shields        | 1 2 4 |  4.0
Throwing       | 1 |  1.0
Translocations | 1 2 |  2.7
Evocations     | 1 2 |  2.0
Poison Magic   | 1 |  1.0
Necromancy     | 2 |  2.7
Transmutations | |  0.9

Action                   |  1- 3 |  4- 6 |  7- 9 | 10-12 || total
-------------------------+-------+-------+-------+-------++-------
Melee: Staff             |     9 |    25 |   188 |    75 ||   297
       Unarmed           |     5 |     7 |       |       ||    12
       Tailslap          |     2 |     3 |    26 |    13 ||    44
       Punch             |     1 |       |       |       ||     1
Throw: Dart              |       |       |       |     2 ||     2
 Cast: Magic Dart        |    14 |     3 |    30 |     3 ||    50
       Searing Ray       |    19 |    31 |    68 |     4 ||   122
       Iskenderun's Myst |       |       |    28 |    11 ||    39
       Vampiric Draining |       |       |       |     1 ||     1
Evoke: Wand              |       |     3 |     2 |     1 ||     6
  Use: Scroll            |       |     2 |    10 |     3 ||    15
       Potion            |       |       |    10 |     3 ||    13
 Stab: Sleeping          |       |       |     1 |     1 ||     2
       Distracted        |       |       |       |     1 ||     1
Armor: Skin              |     3 |    14 |   157 |    35 ||   209
Dodge: Dodged            |    20 |    37 |   189 |    51 ||   297
Block: Buckler           |     1 |    11 |    60 |    20 ||    92
